 Dungeon Crawl Stone Soup version 0.25.1-2-g60ff931df9 (webtiles) character file.

Game seed: 2407203059613763117

44 raphaelitos the Shield-Bearer (level 3, 0/30 HPs)
             Began as a Formicid Fighter on Nov 16, 2020.
             Slain by a goblin
             ... wielding a +0 dagger
             ... led by Robin
              (2 damage)
             ... on level 2 of the Dungeon.
             The game lasted 00:02:18 (1230 turns).

raphaelitos the Shield-Bearer (Formicid Fighter)    Turns: 1230, Time: 00:02:19

Health: 0/30       AC:  6    Str: 21    XL:     3   Next: 85%
Magic:  3/3        EV:  8    Int:  7    God:
Gold:   48         SH:  9    Dex: 10    Spells: 2/2 levels left

rFire    . . .     SeeInvis +   a - +0 long sword
rCold    . . .     Gourm    .   c - +0 kite shield
rNeg     . . .     Faith    .   b - +0 scale mail
rPois    .         Spirit   .   (helmet unavailable)
rElec    .         Reflect  .   (no cloak)
rCorr    .         Harm     .   (no gloves)
MR       .....                  (no boots)
Stlth    +.........             (no amulet)
HPRegen  0.10/turn              i - ring of stealth
MPRegen  0.08/turn              (no ring)

@: no status effects
A: permanent stasis, dig shafts and tunnels, four strong arms, antennae 3
a: Dig, Shaft Self


You were on level 2 of the Dungeon.
You were not hungry.

You visited 1 branch of the dungeon, and saw 2 of its levels.

You collected 48 gold pieces.

Inventory:

Hand Weapons
 a - a +0 long sword (weapon)
Missiles
 j - 51 arrows
 k - 24 sling bullets
Armour
 b - a +0 scale mail (worn)
 c - a +0 kite shield (worn)
Jewellery
 i - a ring of stealth (left hand)
Scrolls
 e - a scroll of identify
Potions
 d - a potion of might
Comestibles
 f - 5 rations
 h - 2 chunks of flesh


   Skills:
 + Level 3.7 Fighting
 + Level 2.3 Long Blades
 + Level 3.5 Armour
 + Level 0.8 Dodging
 + Level 4.3 Shields


You had 2 spell levels left.
You didn't know any spells.
Your spell library was empty.

Dungeon Overview and Level Annotations

Branches:
Dungeon (2/15)

Altars:

Annotations:
D:2 Robin


Innate Abilities, Weirdness & Mutations

You cannot be hasted, slowed, berserked, paralysed or teleported.
You can dig through walls and to a lower floor.
Your four strong arms can wield two-handed weapons with a shield.
You have a pair of large antennae on your head. (SInv)


Message History

The goblin is heavily wounded.
You block the goblin's attack. The hobgoblin barely misses you.
You riposte.
Your shield and scale mail prevent you from hitting the hobgoblin.
Robin says, "Duck!"
The goblin barely misses you. You block the hobgoblin's attack.
You closely miss the goblin.
The goblin is heavily wounded.
You block the goblin's attack. You block the hobgoblin's attack.
You barely miss the goblin.
The goblin is heavily wounded.
The goblin hits you but does no damage. The hobgoblin hits you.
* * * LOW HITPOINT WARNING * * *
A goblin comes into view. It is wielding a +0 dagger.
You closely miss the goblin.
The goblin is heavily wounded.
The goblin no longer looks unusually strong.
The goblin barely misses you. The hobgoblin hits you.
* * * LOW HITPOINT WARNING * * *
The goblin hits you with a +0 dagger.
You die...

##### # #...###.#
####.#...)..
#gg..{..##..
#g##.........
#g##{g#.##..#{
#@##..#.# ..{
#g##(...# #.#
#.##.##.# #{#+##
#.##.##.# #....##
#.###...###.....##
.## #...(...g..!.#
# #...g..†......
#!............ {
###.#.........


You could see Robin, a hobgoblin (strong) and 3 goblins.

Vanquished Creatures
  An ooze (D:1)
  A dart slug (D:1)
  A leopard gecko (D:1)
  4 bats
  2 giant cockroaches
  9 goblins
  7 hobgoblins
  A ball python (D:1)
  A frilled lizard (D:1)
  A kobold (D:1)
  5 rats (D:1)
33 creatures vanquished.

Notes
Turn   | Place    | Note
-------+----------+-------------------------------------------
     0 | D:1      | raphaelitos the Formicid Fighter began the quest for the
                  | Orb.
     0 | D:1      | Reached XP level 1. HP: 18/18 MP: 1/1
   316 | D:1      | Reached XP level 2. HP: 23/24 MP: 2/2
   498 | D:1      | Reached skill level 4 in Shields
   646 | D:1      | Reached XP level 3. HP: 27/30 MP: 3/3
  1200 | D:2      | Noticed Robin
  1230 | D:2      | Slain by a goblin

Illustrated notes

Levels and vault maps discovered:
D:1:      dpeg_arrival_lava_temple_mockup, layout_loops_ring,
          minmay_tiny_reverse_x
D:2:      layout_loops_corners, marbit_many_paths, first_ration,
          ashenzari_altar_1, uniq_robin

Skill      XL: |  1  2 |
---------------+-------+-----
Shields        | 4 |  4.3
Fighting       | |  3.7
Long Blades    | |  2.3
Armour         | |  3.5
Dodging        | |  0.8

Action                   || total
-------------------------++-------
Melee: Long sword        ||   115
  Use: Scroll            ||     2
  Eat: Chunk             ||     1
Armor: Scale mail        ||    79
Dodge: Dodged            ||    66
Block: Kite shield       ||   116
       Rpst.: Long sword ||    20
